 Dungeon Crawl Stone Soup version 0.18-a0-917-g8a3da5b (webtiles) character file.

275 igor the Shield-Bearer (level 6, -6/48 HPs)
             Began as a Human Fighter on Dec 26, 2015.
             Mangled by an ogre
             ... wielding a +0 giant club
              (27 damage)
             ... on level 3 of the Dungeon.
             The game lasted 00:29:15 (4108 turns).

igor the Shield-Bearer (Human Fighter)              Turns: 4108, Time: 00:29:16

Health: -6/48      AC:  7    Str: 17    XL:     6   Next: 49%
Magic:  6/6        EV:  8    Int:  9    God:
Gold:   113        SH:  9    Dex: 13    Spells: 1 memorised, 3 levels left

rFire  . . .     SeeInvis .     a - +1 long sword
rCold  . . .     Gourm    .     b - +0 scale mail
rNeg   . . .     Faith    .     c - +0 shield
rPois  .         Spirit   .     (no helmet)
rElec  .         Dismiss  +     (no cloak)
rCorr  .         Reflect  .     (no gloves)
SustAt .         Harm     .     (no boots)
MR     .....                    i - amulet of dismissal
Stlth  ..........               (no ring)
                                (no ring)

@: not resistant to hostile enchantments, extremely unstealthy
A: no striking features
a: no special abilities


You were on level 3 of the Dungeon.
You were not hungry.

You visited 1 branch of the dungeon, and saw 3 of its levels.

You collected 113 gold pieces.

Inventory:

Hand Weapons
 a - a +1 long sword (weapon)
Missiles
 o - 2 silver javelins (quivered)
Armour
 b - a +0 scale mail (worn)
 c - a +0 shield (worn)
Jewellery
 i - an amulet of dismissal (around neck)
Wands
 g - a wand of teleportation (2/9)
Scrolls
 e - 2 scrolls of remove curse
 j - a scroll of immolation {unknown}
 k - 2 scrolls of teleportation
 l - 3 scrolls of identify
Potions
 n - a potion of degeneration {unknown}
Books
 p - a book of Spatial Translocations

   Spells                             Type                      Level
   a - Apportation                    Translocation                1
   b - Blink                          Translocation                2
   c - Shroud of Golubria             Charms/Translocation         2
   d - Portal Projectile              Translocation                3
   e - Teleport Other                 Translocation                3
   f - Passage of Golubria            Translocation                4
Comestibles
 d - a meat ration
 f - a slice of pizza
 h - 2 chunks of flesh
 m - a bread ration


   Skills:
 + Level 4.0 Fighting
 + Level 2.9 Long Blades
 + Level 1.0 Throwing
 + Level 3.9 Armour
 + Level 2.2 Dodging
 + Level 0.2 Stealth
 + Level 4.3 Shields


You had 3 spell levels left.
You knew the following spells:

 Your Spells              Type           Power        Failure   Level  Hunger
a - Blink                 Tloc           N/A          100%        2    ###....


Dungeon Overview and Level Annotations

Branches:
Dungeon (3/15)

Altars:
Ashenzari


Message History

An iguana comes into view.
The iguana hisses angrily.
You slash the iguana!
The iguana is heavily wounded.
The iguana bites you but does no damage.
You slash the iguana!
You kill the iguana!
Your Fighting skill increases to level 4!
You see here an iguana corpse.
You butcher the iguana corpse.
h - 2 chunks of flesh (gained 1)
An ogre comes into view. It is wielding a giant club.
The ogre shouts!
You barely miss the ogre. The ogre hits you with a giant club!!
Ouch! That really hurt!
You hit the ogre.
The ogre is moderately wounded.
The ogre hits you with a giant club!!
Ouch! That really hurt!
You die...

###... #.....
#.#... #.#... ##
#.#### .. #.###.
####.# ###>..
#.O.# #..#. #@#
##..## #.#
##..### #.#
#...#
#.##########...#
#..............#
############...#
#...# #####


You could see an ogre.

Vanquished Creatures
  An orc wizard (D:3)
  An iguana (D:3)
  An orc priest (D:3)
  Ijyb (D:3)
  6 adders
  3 worms (D:2)
  2 giant geckos
  3 orcs (D:3)
  10 bats
  6 giant cockroaches
  16 goblins
  14 hobgoblins
  7 jackals
  2 quokkas
  3 giant newts
  9 kobolds
  9 rats
94 creatures vanquished.

Notes
Turn   | Place    | Note
--------------------------------------------------------------
     0 | D:1      | igor the Human Fighter began the quest for the Orb.
     0 | D:1      | Reached XP level 1. HP: 18/18 MP: 1/1
   173 | D:1      | Reached XP level 2. HP: 22/24 MP: 2/2
   709 | D:1      | Reached XP level 3. HP: 29/29 MP: 3/3
  1470 | D:2      | Reached XP level 4. HP: 35/35 MP: 4/4
  1959 | D:2      | Found a shattered altar of Ashenzari.
  2146 | D:2      | Reached skill level 1 in Dodging
  2447 | D:2      | Reached XP level 5. HP: 34/42 MP: 5/5
  2448 | D:2      | Reached skill level 1 in Throwing
  2742 | D:3      | Found a faded altar to an unknown god.
  3136 | D:3      | Learned a level 2 spell: Blink
  3150 | D:3      | Noticed Ijyb
  3181 | D:3      | Killed Ijyb
  3470 | D:3      | Reached skill level 4 in Shields
  3743 | D:3      | Reached XP level 6. HP: 34/48 MP: 6/6
  4108 | D:3      | Mangled by an ogre

Vault maps used:
D:1:      eino_arrival_druids_welcome, minmay_misc_feat_encased
D:2:      minmay_door_path, evilmike_ruin_ashenzari
D:3:      kennysheep_goblin_castle, marbit_many_paths, ecumenical_altar_2

Action                   |  1- 3 |  4- 6 || total
-------------------------+-------+-------++-------
Melee: Long sword        |   135 |   195 ||   330
Throw: Javelin           |       |    47 ||    47
       Stone             |       |    11 ||    11
  Use: Potion            |     2 |     3 ||     5
       Scroll            |     1 |    10 ||    11
  Eat: Chunk             |     2 |     4 ||     6
       Bread ration      |       |     1 ||     1
